AoeStats
← GdN_ZzZzZzZz

African Clearing

510768711Analyzed
2v2 RM · 11h ago on Oct 2, 2026· 61m 14s· 4 players
Game mode
Random Map
Map size
Medium (4 player)
Population
200
Speed
Normal
Resources
Standard
Victory
Conquest
Starting age
Dark Age
Ending age
Imperial Age
RankedLock teamsTeams togetherTeam positionsShared explorationLock speedFull tech treeHidden civsTurbo modeCheats
Victory
Defeat
🇨🇱 Armenians · Chile
1052
+12
🇨🇱 Persians · Chile
974
+16
🇷🇺 Tupi · Russia
975
-14
🇷🇺 Huns · Russia
965
-14
Jer
8:17 Loom
15:39 Feudal Age
16:28 Double-Bit Axe
18:51 Horse Collar
22:54 Castle Age
21:19 Fletching
21:30 Padded Archer Armor
23:02 Gold Mining
23:59 Bodkin Arrow
27:22 Heavy Plow
30:36 Bow Saw
30:50 Ballistics
38:25 Imperial Age
38:33 Squires
37:54 Pikeman
38:48 Forging
38:39 Scale Mail Armor
38:55 Leather Archer Armor
40:25 Chemistry
39:04 Elite Blackwood Archer
39:58 Bracer
40:57 Conscription
42:21 Wheelbarrow
41:50 Scale Mail Armor
41:31 Halberdier
46:31 Iron Casting
46:14 Chain Mail Armor
48:15 Ring Archer Armor
51:47 Hand Cart
52:39 Two-Man Saw
52:50 Iron Casting
52:46 Plate Mail Armor
Nihad 愛
8:45 Loom
16:12 Feudal Age
17:17 Double-Bit Axe
20:40 Castle Age
20:12 Stone Mining
47:40 Horse Collar
55:30 Scale Barding Armor
58:43 Forging
58:55 Chain Barding Armor
GdN_ZzZzZzZz
3:21 Loom
13:14 Feudal Age
13:49 Double-Bit Axe
18:08 Wheelbarrow
17:18 Horse Collar
21:22 Castle Age
22:41 Bow Saw
24:39 Heavy Plow
28:34 Scale Barding Armor
28:39 Forging
29:10 Bloodlines
30:15 Chain Barding Armor
32:23 Iron Casting
37:01 Husbandry
38:58 Hand Cart
44:03 Imperial Age
41:19 Town Watch
45:12 Guilds
44:34 Cavalier
45:52 Crop Rotation
46:03 Plate Barding Armor
46:29 Blast Furnace
46:20 Savar
48:30 Two-Man Saw
49:20 Gold Mining
50:38 Gold Shaft Mining
49:53 Capped Ram
51:32 Siege Ram
61:16 Fletching
epic shit
3:30 Loom
15:37 Feudal Age
15:52 Man-at-Arms
16:59 Long Swordsman
17:26 Arson
18:28 Town Watch
20:36 Wheelbarrow
19:59 Fletching
20:14 Scale Mail Armor
23:39 Forging
29:39 Castle Age
27:52 Double-Bit Axe
28:22 Pikeman
50:07 Elite Skirmisher
55:08 Horse Collar
55:28 Gold Mining
58:30 Imperial Age
56:19 Hand Cart
56:19 Fletching
57:17 Squires
57:24 Halberdier
60:41 Chemistry
59:28 Capped Ram
60:50 Heavy Plow
Connection lost

Rejoining the realm…

Still unreachable

The connection could not be restored.

Session expired

The server has moved on; the page needs a fresh start.